 Dungeon Crawl Stone Soup version 0.17-a0-1596-g1e86911 (webtiles) character file.

3731 Kold the Cleaver (level 9, 0/61 HPs)
             Began as a Demonspawn Gladiator on July 31, 2015.
             Was a Priest of Qazlal.
             Slain by an orc warrior
             ... wielding a +2 battleaxe of flaming
              (21 damage)
             ... on level 8 of the Dungeon.
             The game lasted 00:20:44 (8100 turns).

Kold the Cleaver (Demonspawn Gladiator)             Turns: 8100, Time: 00:20:44

Health: 0/61       AC:  5    Str: 16    XL:     9   Next: 92%
Magic:  9/9        EV: 13    Int: 15    God:    Qazlal [***...]
Gold:   349        SH:  4    Dex: 16    Spells: 0 memorised, 8 levels left

rFire  . . .     SeeInvis .     u - +2 war axe (chop)
rCold  . . .     Clarity  .     b - +0 leather armour
rNeg   . . .     SustAt   .     (no shield)
rPois  .         Gourm    .     H - +0 hat
rElec  .         Spirit   .     (no cloak)
rCorr  .         Warding  .     l - +1 pair of gloves
rMut   .         Stasis   .     (no boots)
MR     .....                    I - amulet of faith
Stlth  +.........               r - ring of invisibility
                                y - +5 ring of intelligence

@: not resistant to hostile enchantments, very unstealthy
A: horns 1, powered by death 1, spiny 1
a: Upheaval, Elemental Force, Renounce Religion, Evoke Invisibility


You were on level 8 of the Dungeon.
You worshipped Qazlal.
Qazlal was most pleased with you.
You were not hungry.

You visited 2 branches of the dungeon, and saw 9 of its levels.

You collected 374 gold pieces.
You spent 25 gold pieces at shops.

Inventory:

Hand weapons
 a - a +0 war axe
 u - a +2 war axe of chopping (weapon)
 x - a +0 flail of protection
Missiles
 d - 4 throwing nets
 m - 10 tomahawks
 E - 5 javelins (quivered)
Armour
 b - a +0 leather armour (worn)
 l - a +1 pair of gloves (worn)
 H - a +0 hat (worn)
Magical staves
 i - an uncursed staff of cold
Jewellery
 h - an uncursed ring of wizardry
 r - a ring of invisibility (right hand)
 y - a +5 ring of intelligence (left hand)
 A - an uncursed amulet of warding
 I - an amulet of faith (around neck)
Magical devices
 L - a wand of digging (13)
Scrolls
 g - a scroll of magic mapping
 j - 4 scrolls of identify
 k - 6 scrolls of remove curse
 o - 2 scrolls of blinking {unknown}
 p - 2 scrolls of fog {unknown}
 q - a scroll of teleportation
Potions
 c - a potion of might {unknown}
 n - a potion of mutation {unknown}
 s - 2 potions of agility {unknown}
 t - 4 potions of curing
 v - 2 potions of haste
 z - a potion of flight {unknown}
 C - 2 potions of cancellation {unknown}
 D - 2 potions of brilliance {unknown}
 F - a potion of heal wounds
 G - a potion of invisibility {unknown}
Comestibles
 e - 5 bread rations
 w - 2 slices of pizza
 B - 3 meat rations
 J - a beef jerky
 K - a royal jelly


   Skills:
 - Level 2.0 Fighting
 + Level 12.9 Axes
 - Level 2.0 Throwing
 - Level 2.6 Dodging


You had 8 spell levels left.
You didn't know any spells.

Dungeon Overview and Level Annotations

Branches:
Dungeon (8/15)             Temple (1/1) D:4            Lair (0/8) D:8

Altars:
Ashenzari
Cheibriados
Dithmenos
Elyvilon
Fedhas
Gozag
Kikubaaqudgha
Makhleb
Nemelex Xobeh
Okawaru
Qazlal
Ru
Sif Muna
Trog
Xom
Yredelemnul
Zin
The Shining One
Jiyva

Shops:
D:5 *   D:7 =*


Innate Abilities, Weirdness & Mutations

You have a pair of small horns on your head.
You regenerate a little health from kills.
You are partially covered in sharp spines.


Message History

You hit the orc warrior but do no damage.
You headbutt the orc warrior.
The orc warrior is severely wounded.
The orc warrior is struck by your spines.
The orc warrior hits you with a battleaxe of flaming.
The orc warrior burns you.
You hit the orc warrior.
The orc warrior is almost dead.
The orc warrior hits you with a battleaxe of flaming!!
The orc warrior burns you!
You hit the orc warrior but do no damage.
The orc warrior is almost dead.
You hit the orc warrior but do no damage.
Your headbutt misses the orc warrior.
The orc warrior is almost dead.
The orc warrior barely misses you.
You barely miss the orc warrior. Your headbutt misses the orc warrior.
The orc warrior is almost dead.
The orc warrior hits you with a battleaxe of flaming!!
You die...

########### #.......<..#
#.########.# #### #.# #.# #...
#.# #.# #.## #.# #.# #.#
#.###.##### #.# #.# #....o....#
#.# #.# #@# #.####[####.# #.#
#.........#.## #.#
######.#.#..## ## #.# ##.>###.#.
###..#####)#######....#...#
..............).........#.###.
#.............########.#.######
#.............####..........###
##.........................รท..#


You could see an orc warrior.

Vanquished Creatures
  A troll (D:8)
  The ghost of kinazarov the Ruffian, an average FoMo of Zin (D:4)
  A two-headed ogre (D:8)
  A slime creature (D:8)
  A black bear (D:8)
  An ice beast (D:7)
  A phantom (D:8)
  A centaur (D:7)
  An orc warrior (D:6)
  4 ogres
  A crocodile (D:8)
  2 big kobolds (D:7)
  A gnoll sergeant (D:7)
  7 giant frogs
  2 scorpions
  2 giant frog zombies (D:6)
  4 hounds
  2 crimson imps
  A centaur skeleton (D:8)
  A giant frog skeleton (D:4)
  3 jellies
  An iguana (D:8)
  3 orc wizards
  2 orc priests (D:8)
  5 worker ants
  A killer bee zombie (D:7)
  A hound skeleton (D:4)
  A worker ant zombie (D:5)
  11 gnolls
  11 adders
  2 shadow imps
  An adder skeleton (D:5)
  2 adder zombies
  8 worms
  3 giant geckos
  19 orcs
  3 giant cockroaches
  5 goblins
  9 hobgoblins
  8 jackals
  13 kobolds
  6 bats
  A giant gecko skeleton (D:5)
  2 giant gecko zombies
  7 giant newts
  A jackal skeleton (D:8)
  A quokka skeleton (D:6)
  2 rats
  A plant (D:7)
169 creatures vanquished.

Vanquished Creatures (others)
  The ghost of Uberwunderbarhen the Firebug, an experienced DEFE of Vehumet (D:6)
  5 toadstools (D:1)
6 creatures vanquished.

Grand Total: 175 creatures vanquished

Notes
Turn   | Place    | Note
--------------------------------------------------------------
     0 | D:1      | Kold the Demonspawn Gladiator began the quest for the Orb.
     0 | D:1      | Reached XP level 1. HP: 16/16 MP: 1/1
   511 | D:1      | Reached skill level 3 in Axes
   853 | D:1      | Gained mutation: You are partially covered in sharp spines. [demonic ancestry]
   853 | D:1      | Reached XP level 2. HP: 22/22 MP: 2/2
  1762 | D:1      | Reached XP level 3. HP: 25/27 MP: 3/3
  1890 | D:2      | Found a basalt altar of Yredelemnul.
  1895 | D:2      | Found a blossoming altar of Fedhas.
  1895 | D:2      | Found a sparkling altar of Nemelex Xobeh.
  2049 | D:1      | Reached skill level 4 in Axes
  2216 | D:2      | Gained mutation: You regenerate a little health from kills. [demonic ancestry]
  2216 | D:2      | Reached XP level 4. HP: 33/33 MP: 4/4
  2238 | D:2      | Found an ancient bone altar of Kikubaaqudgha.
  2535 | D:3      | Reached skill level 5 in Axes
  2578 | D:2      | Reached XP level 5. HP: 24/38 MP: 5/5
  2835 | D:3      | Found an iron altar of Okawaru.
  3416 | D:4      | Reached skill level 6 in Axes
  3417 | D:4      | Gained mutation: You have a pair of small horns on your head. [demonic ancestry]
  3417 | D:4      | Reached XP level 6. HP: 33/44 MP: 6/6
  3506 | D:4      | Found a staircase to the Ecumenical Temple.
  3519 | Temple   | Entered the Ecumenical Temple
  3578 | Temple   | Became a worshipper of Qazlal Stormbringer
  3880 | D:5      | Entered Level 5 of the Dungeon
  4433 | D:4      | Noticed kinazarov's ghost (average FoMo)
  4734 | D:5      | Found a shimmering altar of Xom.
  4778 | D:5      | Reached skill level 7 in Axes
  4800 | D:5      | Reached XP level 7. HP: 50/50 MP: 7/7
  5220 | D:5      | Found Qetamiw's Assorted Antiques.
  5230 | D:5      | Bought a scroll labeled FOP GURITZIMP for 25 gold pieces
  5288 | D:5      | Acquired Qazlal's first power
  5308 | D:5      | Found a white marble altar of Elyvilon.
  5359 | D:5      | Found a snail-covered altar of Cheibriados.
  5454 | D:6      | Noticed Uberwunderbarhen's ghost (experienced DEFE)
  5464 | D:6      | Killed Uberwunderbarhen's ghost
  5464 | D:6      | Reached skill level 8 in Axes
  5648 | D:6      | Reached XP level 8. HP: 53/56 MP: 8/8
  5659 | D:6      | Reached skill level 9 in Axes
  6156 | D:6      | Reached skill level 10 in Axes
  6307 | D:6      | Found a burning altar of Makhleb.
  6775 | D:7      | Acquired Qazlal's second power
  7063 | D:4      | Killed kinazarov's ghost
  7063 | D:4      | Reached skill level 11 in Axes
  7063 | D:4      | Reached XP level 9. HP: 34/61 MP: 9/9
  7314 | D:7      | Found Pyafe's Assorted Antiques.
  7352 | D:7      | Found Raybafee's Jewellery Shop.
  7679 | D:8      | Acquired Qazlal's third power
  7682 | D:8      | Reached skill level 12 in Axes
  8039 | D:8      | Found a staircase to the Lair.
  8100 | D:8      | Slain by an orc warrior

Vault maps used:
D:1:      ldierk_walled_garden
D:2:      grunt_temple_overflow_open, nicolae_overflow_hidden_temple
D:3:      old_standard_altar, first_bread, minivault_26, minmay_misc_feat_alley
D:4:      minmay_temple_entry_glassed_door
D:5:      xom_teletrap_fun, lemuel_crystal_altar, old_standard_altar,
          serial_shops, shop_fountains, minmay_holes
D:6:      lemuel_crystal_altar, water_boxes_lemuel
D:7:      serial_shops, nicolae_shop_overgrown_old_shop, shop
D:8:      minmay_curly_fans, dpeg_lair_monsters
Temple:   pf_slimified_temple

Action                   |  1- 3 |  4- 6 |  7- 9 || total
-------------------------+-------+-------+-------++-------
Melee: War axe           |    63 |    87 |   207 ||   357
Throw: Javelin           |       |     7 |    10 ||    17
Invok: Upheaval          |       |       |     1 ||     1
Evoke: Wand              |       |       |     1 ||     1
  Use: Potion            |       |     1 |     2 ||     3
       Scroll            |       |       |    10 ||    10
 Stab: Sleeping          |     2 |       |       ||     2
       Distracted        |       |     1 |       ||     1
  Eat: Chunk             |     3 |     7 |    13 ||    23
